 Dungeon Crawl Stone Soup version 0.19.0-2-gae57169 (webtiles) character file.

423 Pepeogr the Sneak (level 6, 0/52 HPs)
             Began as a Draconian Assassin on Nov 6, 2016.
             Was a Believer of Elyvilon.
             Shot with an arrow by a centaur (4 damage)
             ... on level 5 of the Dungeon.
             The game lasted 00:23:28 (3706 turns).

Pepeogr the Sneak (Draconian Assassin)              Turns: 3706, Time: 00:23:28

Health: 0/52       AC:  8    Str: 13      XL:     6   Next: 63%
Magic:  6/6        EV: 13    Int: 10 (11) God:    Elyvilon [**....]
Gold:   195        SH:  0    Dex: 15      Spells: 0 memorised, 5 levels left

rFire  . . .     SeeInvis .     r - -2 trident (curse)
rCold  + . .     Gourm    .     (armour unavailable)
rNeg   . . .     Faith    .     (no shield)
rPois  .         Spirit   .     (helmet restricted)
rElec  .         Reflect  .     c - +1 cloak
rCorr  .         Harm     .     (no gloves)
MR     .....                    (no boots)
Stlth  +++.......               (no amulet)
                                (no ring)
                                k - ring of protection from cold

@: no status effects
A: unfitting armour, cold-blooded, AC +6
a: Lesser Healing, Heal Other, Divine Protection, Renounce Religion


You were on level 5 of the Dungeon.
You worshipped Elyvilon.
Elyvilon was pleased with you.
You were not hungry.

You visited 1 branch of the dungeon, and saw 5 of its levels.

You collected 195 gold pieces.

Inventory:

Hand Weapons
 a - a +2 dagger
 b - a +0 blowgun
 o - a +0 mace of crushing
 p - a +2 hand axe of chopping
 r - a cursed -2 trident (weapon)
Missiles
 d - 26 poisoned needles (quivered)
 e - 2 curare-tipped needles
Armour
 c - a +1 cloak (worn)
Jewellery
 k - a ring of protection from cold (left hand)
Wands
 n - a wand of paralysis (1/24)
Scrolls
 j - 4 scrolls of identify
Potions
 g - a potion of might
 m - a potion of brilliance
Comestibles
 f - 3 bread rations
 h - 3 meat rations
 i - a slice of pizza
 l - 6 fruits


   Skills:
 * Level 4.1 Fighting
 - Level 2.7 Short Blades
 * Level 3.4 Axes
 + Level 0.2(2.1) Polearms
 + Level 2.1 Throwing
 + Level 2.1 Dodging
 + Level 4.9 Stealth
 + Level 0.2 Evocations


You had 5 spell levels left.
You didn't know any spells.

Dungeon Overview and Level Annotations

Branches:
Dungeon (5/15)
 Temple: D:4-7

Altars:
Elyvilon
Fedhas
Trog

Annotations:
D:4 Pepeogr's ghost, amateur DrBe


Innate Abilities, Weirdness & Mutations

Your plain brown scales are hard. (AC +6)
You cannot fit into any form of body armour.
You are cold-blooded and may be slowed by cold attacks.


Message History

Press: ? - help, Shift-Dir - straight line, f/p - centaur
Aim: a centaur, wielding a flail (heavily wounded, chance to defeat MR: 46%)
The centaur suddenly stops moving!
Evoking this partially-identified wand wasted a few charges.
The jackal bites you but does no damage.
The jackal misses you.
You closely miss the jackal. You tail-slap the jackal.
The jackal is almost dead.
The jackal misses you.
You closely miss the jackal.
The jackal is almost dead.
The jackal misses you. The jackal bites you.
* * * LOW HITPOINT WARNING * * *
You closely miss the jackal. You tail-slap the jackal.
You kill the jackal!
You see here an arrow.
The centaur unwields an uncursed flail.
The centaur wields an uncursed shortbow.
The centaur shoots an arrow.
The arrow hits you.
You die...

* *.....#**_',,,,,,,,,,,,*,, *
**#..#* ***,,,,,,,,,,,**** * #††#
**************** * #..#
#,**,,,,,,,, * #..###
#.########., * #....#
*.#........, * #..#.##
*,.........,
******######...#########........,
,,,,,,..........@.(....c†.......,
******#.####...#########.......#,
*,* ##.## #.......#, ******,* #.#
#.......#, *,,,**,* #.#
####.####* *,,,**,* #.#
********.#**** **,,,**,* #.#
*,,,,,,,,.,,,, ,,,,,,,,* #.#
*,******,##*** ,,,,,,,,* #.# *,*
*,* *


You could see a centaur.

Vanquished Creatures
  A hound (D:4)
  A jelly (D:5)
  2 orc priests
  2 orc wizards (D:5)
  Jessica (D:2)
  3 worker ants
  2 adders (D:3)
  4 gnolls (D:4)
  4 worms
  2 dart slugs
  3 leopard geckos (D:3)
  9 orcs
  A ball python (D:3)
  8 bats
  7 giant cockroaches
  5 hobgoblins
  A jackal (D:5)
  3 quokkas
  5 frilled lizards
  4 goblins
  5 kobolds
  3 rats
  A fungus (D:2)
77 creatures vanquished.

Notes
Turn   | Place    | Note
-------+----------+-------------------------------------------
     0 | D:1      | Pepeogr the Draconian Assassin began the quest for the Orb.
     0 | D:1      | Reached XP level 1. HP: 17/17 MP: 1/1
   367 | D:1      | Reached XP level 2. HP: 24/24 MP: 2/2
   595 | D:2      | Found a white marble altar of Elyvilon.
   615 | D:2      | Became a worshipper of Elyvilon the Healer
   635 | D:2      | Found a bloodstained altar of Trog.
   660 | D:2      | Reached skill level 1 in Dodging
   854 | D:2      | Noticed Jessica
   873 | D:2      | Killed Jessica
   873 | D:2      | Reached XP level 3. HP: 30/30 MP: 3/3
  1466 | D:1      | Reached * piety under Elyvilon
  1689 | D:3      | Reached XP level 4. HP: 33/37 MP: 4/4
  2030 | D:3      | Found a blossoming altar of Fedhas.
  2252 | D:3      | Reached XP level 5. HP: 40/45 MP: 5/5
  2425 | D:4      | Reached ** piety under Elyvilon
  2434 | D:4      | Reached skill level 1 in Axes
  2439 | D:4      | Noticed Pepeogr's ghost (amateur DrBe)
  2996 | D:5      | Entered Level 5 of the Dungeon
  3025 | D:5      | Reached XP level 6. HP: 22/52 MP: 6/6
  3262 | D:5      | HP: 1/52 [orc/short sword (4)]
  3706 | D:5      | Shot with an arrow by a centaur

Skill      XL: |  1  2  3  4  5  6 |
---------------+-------------------+-----
Stealth        | 4 |  4.9
Throwing       | 2 |  2.1
Dodging        | 1 2 |  2.1
Fighting       | 3 4 |  4.1
Axes           | 2 3 |  3.4
Short Blades   | |  2.7
Polearms       | |  0.2
Evocations     | |  0.2

Action                   |  1- 3 |  4- 6 || total
-------------------------+-------+-------++-------
Melee: Dagger            |   120 |    51 ||   171
       Tailslap          |    14 |    27 ||    41
       Hand axe          |       |   104 ||   104
       Trident           |       |    48 ||    48
 Fire: Blowgun           |     7 |       ||     7
Invok: Lesser Healing    |       |     1 ||     1
Evoke: Wand              |       |     4 ||     4
  Use: Scroll            |     6 |     5 ||    11
       Potion            |     3 |     8 ||    11
 Stab: Sleeping          |     4 |     2 ||     6
       Distracted        |     1 |     1 ||     2
  Eat: Bread ration      |     1 |       ||     1
       Meat ration       |       |     1 ||     1
       Pizza             |       |     1 ||     1
Armor: Skin              |    31 |    72 ||   103
Dodge: Dodged            |    50 |   168 ||   218
